[Event "Titled Tuesday Blitz May 24 Early 2022"]
[White "Grischuk, Alexander"]
[Black "Antipov, Mikhail Al."]
[WhiteFideId "4126025"]
[BlackFideId "4107012"]
[WhiteElo "2762"]
[BlackElo "2512"]
[Result "1-0"]
[Round "08"]
[TimeControl "180+1"]
[Date "2022.05.24"]
[WhiteClock "0:00:26"]
[BlackClock "0:00:05"]

1. d4 Nf6 2. c4 g6 3. Nc3 d5 4. cxd5 Nxd5 5. e4 Nxc3 6. bxc3 Bg7 7. Nf3 c5 8. h3 Nc6 9. Be3 O-O 10. Be2 cxd4 11. cxd4 Qa5+ 12. Bd2 Qa3 13. d5 Ne5 14. O-O Bd7 15. Rb1 Ba4 16. Qe1 Nd3 17. Bxd3 Qxd3 18. Bg5 Rfe8 19. Rxb7 Bb5 20. Bxe7 Qxf1+ 21. Qxf1 Bxf1 22. Kxf1 Bf8 23. Bxf8 Kxf8 24. Ng5 h6 25. Nxf7 Rab8 26. Rxb8 Rxb8 27. Ne5 Rb1+ 28. Ke2 Rb2+ 29. Ke3 Rxa2 30. Nxg6+ Kf7 31. Ne5+ Ke7 32. Nc6+ Kd6 33. e5+ Kc5 34. e6 Ra1 35. e7 Kd6 36. Ke2 Kd7 37. d6 Rb1 38. Ne5+ Ke8 39. Ng4 Rb8 40. Nf6+ Kf7 41. e8=Q+ Rxe8+ 42. Nxe8 Kxe8 43. f4 Kd7 44. g4 Kxd6 45. Kd3 Kd5 46. f5 Ke5 47. Kc3 Kf6 48. Kb4 Kg5 49. Ka5 h5 50. Ka6 h4 51. Kxa7 Kf4 52. f6 1-0


[Site "https://www.chess.com"]

[Event "Titled Tuesday Blitz May 24 Early 2022"]
[White "Gronnestad, Anita"]
[Black "Gatterer, Florian"]
[WhiteFideId "1502972"]
[BlackFideId "811688"]
[WhiteElo "1933"]
[BlackElo "2218"]
[Result "1-0"]
[Round "08"]
[TimeControl "180+1"]
[Date "2022.05.25"]
[WhiteClock "0:00:09"]
[BlackClock "0:00:04"]

1. d4 g6 2. e4 Bg7 3. Nc3 d6 4. Be3 a6 5. Qd2 b5 6. a3 Nd7 7. Nf3 Nb6 8. h4 h5 9. Nh2 Nf6 10. f3 O-O 11. Bh6 c5 12. Bxg7 Kxg7 13. O-O-O c4 14. g4 hxg4 15. h5 Rh8 16. fxg4 Nxg4 17. Nxg4 Bxg4 18. h6+ Kh7 19. Be2 Bd7 20. Rdf1 Rf8 21. Rf2 a5 22. Rhf1 Qe8 23. Qg5 b4 24. Bh5 f6 25. Bxg6+ Qxg6 26. Qxg6+ Kxg6 27. Rg1+ Kh7 28. Rg7+ Kh8 29. Ne2 e5 30. Ng1 bxa3 31. bxa3 c3 32. Nf3 Rg8 33. Rf7 exd4 34. Rf1 Bb5 35. Rh1 Raf8 36. Rb7 Rb8 37. Ra7 Ra8 38. Rf7 Be8 39. Rb7 Nd7 40. Nh4 Ne5 41. Nf5 Bg6 42. h7 Bxf5 43. hxg8=Q+ Kxg8 44. exf5 Re8 45. Rhh7 Kf8 46. Ra7 d3 47. cxd3 Rb8 48. Kc2 d5 49. Kxc3 d4+ 50. Kxd4 Rd8+ 51. Kc5 Nxd3+ 52. Kc6 Ne5+ 53. Kb6 Rc8 54. Rh8# 1-0


[Site "https://www.chess.com"]

[Event "Titled Tuesday Blitz May 24 Early 2022"]
[White "Gulevich, Artem"]
[Black "Rostovtsev, Dmitry"]
[WhiteFideId "24119580"]
[BlackFideId "34278320"]
[WhiteElo "2218"]
[BlackElo "2274"]
[Result "0-1"]
[Round "08"]
[TimeControl "180+1"]
[Date "2022.05.24"]
[WhiteClock "0:00:02"]
[BlackClock "0:00:02"]

1. Nf3 Nf6 2. b3 g6 3. Bb2 Bg7 4. e3 O-O 5. d4 d6 6. Be2 e5 7. dxe5 dxe5 8. Nxe5 Na6 9. O-O Qxd1 10. Rxd1 Nb4 11. Na3 Bf5 12. Nd3 a5 13. c3 Nc6 14. Nb5 Nd5 15. Bf3 Nb6 16. Nxc7 Rac8 17. Nd5 Nxd5 18. Bxd5 Bxd3 19. Bxc6 Bc2 20. Bxb7 Rc7 21. Rd2 Bxb3 22. axb3 Rxb7 23. Rxa5 Rxb3 24. g4 Rfb8 25. Ba1 Rb1+ 26. Kg2 Rxa1 27. Rxa1 Bxc3 28. Rad1 Bxd2 29. Rxd2 Rb4 30. Kg3 Rb5 31. h4 h5 32. g5 Rb3 33. Rd8+ Kg7 34. Rd7 Kf8 35. Ra7 Ke8 36. Kf4 Kf8 37. f3 Rb2 38. e4 Kg7 39. e5 Rb6 40. Kg3 Kf8 41. f4 Rb3+ 42. Kg2 Rb2+ 43. Kg3 Rb3+ 44. Kg2 Re3 45. Ra8+ Kg7 46. Ra6 Re4 47. Kf3 Re1 48. Kf2 Re4 49. Kf3 Re1 50. Kf2 Rh1 51. Kg3 Rg1+ 52. Kf2 Rg4 53. Ra7 Rxf4+ 54. Kg3 Re4 55. Re7 Kf8 56. Ra7 Rxe5 57. Ra3 Kg7 58. Rf3 Re4 59. Ra3 Rg4+ 60. Kh3 Re4 61. Ra7 Kf8 62. Rb7 Re7 63. Rb8+ Kg7 64. Rb6 Rd7 65. Rb8 Rd4 66. Rc8 Re4 67. Rb8 Re3+ 68. Kg2 Rd3 69. Kh2 Rd7 70. Kg3 f6 71. gxf6+ Kxf6 72. Rb6+ Kg7 73. Ra6 Rd3+ 74. Kg2 Kf7 75. Rb6 Re3 76. Ra6 Re6 77. Ra7+ Kf6 78. Ra5 Re5 79. Ra6+ Kf5 80. Ra8 Re4 81. Ra5+ Re5 82. Ra6 Re6 83. Rxe6 Kxe6 84. Kf2 Kf6 85. Kg2 Ke5 0-1


[Site "https://www.chess.com"]

[Event "Titled Tuesday Blitz May 24 Early 2022"]
[White "Gurevich, Dmitry"]
[Black "Tanenbaum, Zachary"]
[WhiteFideId "2000407"]
[BlackFideId "2060850"]
[WhiteElo "2506"]
[BlackElo "2168"]
[Result "0-1"]
[Round "08"]
[TimeControl "180+1"]
[Date "2022.05.25"]
[WhiteClock "0:00:02"]
[BlackClock "0:00:03"]

1. d4 d5 2. c4 Bf5 3. cxd5 Bxb1 4. Qa4+ c6 5. Rxb1 Qxd5 6. e3 Nd7 7. Ne2 e6 8. Nc3 Qg5 9. Qb3 Nb6 10. a4 Nf6 11. g3 Be7 12. Bg2 O-O 13. O-O e5 14. dxe5 Qxe5 15. Bd2 Rad8 16. Rfd1 Rd7 17. a5 Nbd5 18. Nxd5 Nxd5 19. e4 Nf6 20. Bc3 Qc7 21. Rxd7 Nxd7 22. Qc4 Bf6 23. Bxf6 Nxf6 24. b4 b6 25. axb6 axb6 26. h3 Rd8 27. Rc1 g6 28. Rc2 Rd1+ 29. Kh2 Rb1 30. Qxc6 Qxc6 31. Rxc6 Nd7 32. Rd6 Ne5 33. Rxb6 Nd3 34. b5 Nxf2 35. Rb8+ Kg7 36. b6 Nd1 37. e5 Ne3 38. Be4 Rb2+ 39. Kg1 Nc4 40. b7 Na5 41. Ra8 Nxb7 42. Rb8 Re2 43. Bxb7 Rb2 44. g4 Kh6 45. h4 Kg7 46. g5 h6 47. Kf1 h5 48. Ke1 Kh7 49. Kd1 Kg7 50. Kc1 Rb4 51. Kc2 Rxh4 52. Bd5 Rf4 53. Rb7 Rf5 54. Re7 h4 0-1


[Site "https://www.chess.com"]

[Event "Titled Tuesday Blitz May 24 Early 2022"]
[White "Guzman, Christopher"]
[Black "Mestnikov, Aisen"]
[WhiteFideId "6405096"]
[BlackFideId "34130117"]
[WhiteElo "2244"]
[BlackElo "2027"]
[Result "0-1"]
[Round "08"]
[TimeControl "180+1"]
[Date "2022.05.25"]
[WhiteClock "0:01:47"]
[BlackClock "0:00:04"]

1. e4 e5 2. Nf3 Nc6 3. Bb5 a6 4. Ba4 Nge7 5. O-O g6 6. d4 exd4 7. Bxc6 Nxc6 8. Nxd4 Bg7 9. Be3 O-O 10. c4 d6 11. Nc3 Be6 12. b3 Qd7 13. Rc1 f5 14. exf5 Bxf5 15. Nd5 Ne5 16. Re1 Rae8 17. Bg5 Nd3 18. Rxe8 Rxe8 19. Nxf5 Qxf5 20. Ne7+ Rxe7 21. Bxe7 Qxf2+ 22. Kh1 Qe3 23. Rc2 Qxe7 24. Re2 Qf6 25. h3 Nf2+ 26. Rxf2 Qxf2 27. Qd5+ Qf7 28. Qxb7 Qf1+ 29. Kh2 Be5+ 30. g3 Qf2+ 31. Kh1 Qe1+ 32. Kg2 Qxg3+ 33. Kf1 Qxh3+ 34. Ke2 Qd7 35. Qxa6 h5 36. a4 h4 37. a5 h3 38. Qa8+ Kg7 39. a6 h2 40. a7 Qg4+ 41. Kd2 Qd4+ 42. Ke2 Qb2+ 43. Kf1 Qb1+ 44. Ke2 h1=Q 0-1


[Site "https://www.chess.com"]

[Event "Titled Tuesday Blitz May 24 Early 2022"]
[White "Haas, Michael"]
[Black "Ferreira, Vitor Hugo Vieira"]
[WhiteFideId "1629514"]
[BlackFideId "2119765"]
[WhiteElo "1982"]
[BlackElo "2165"]
[Result "1-0"]
[Round "08"]
[TimeControl "180+1"]
[Date "2022.05.25"]
[WhiteClock "0:00:10"]
[BlackClock "0:00:26"]

1. d4 d5 2. c4 c6 3. Nf3 Nf6 4. g3 dxc4 5. Bg2 Bf5 6. Nbd2 e6 7. Nxc4 Bb4+ 8. Bd2 Bxd2+ 9. Qxd2 O-O 10. O-O h6 11. Nfe5 Be4 12. f3 Bh7 13. Rfd1 Nbd7 14. Qb4 Qc7 15. e4 c5 16. Qc3 b5 17. Nxd7 Nxd7 18. Qa5 Qxa5 19. Nxa5 c4 20. Rac1 Rfc8 21. Nb7 Rab8 22. Na5 Nb6 23. f4 Kf8 24. Kf2 Ke8 25. Ke3 Na4 26. b3 cxb3 27. axb3 Nc3 28. Re1 b4 29. Nc4 Rxc4 30. bxc4 a5 31. Ra1 a4 32. Rec1 a3 33. Rxc3 bxc3 34. Rxa3 Rb2 35. Bf3 Rxh2 36. Rxc3 Kd7 37. Ra3 Rh3 38. Ra7+ Ke8 39. Kf2 Rh2+ 40. Ke3 Rh3 41. c5 Rxg3 42. c6 Kd8 43. Rxf7 h5 44. d5 exd5 45. exd5 Ke8 46. Ra7 h4 47. Ra8+ Ke7 48. c7 Bf5 49. Kf2 Kd6 50. c8=Q Bxc8 51. Rxc8 g5 52. Rc6+ Ke7 53. fxg5 Rxg5 54. Re6+ Kf7 55. Rc6 h3 56. Rc7+ Kf6 57. Rh7 Ke5 58. Rxh3 Kf4 59. Rh4+ Ke5 60. Re4+ Kd6 61. Re6+ Kd7 62. Ke3 Rg3 63. Re4 Rg5 64. Rf4 Re5+ 65. Kd4 Re1 66. Be4 Rd1+ 67. Ke5 Rg1 68. Rf7+ Ke8 69. Ra7 Rg5+ 70. Kd6 Rg4 71. Bf5 Rb4 72. Ra8+ Kf7 73. Be6+ Kf6 74. Rf8+ Kg7 75. Rf1 Rb6+ 76. Ke7 Rb7+ 77. Bd7 Rb2 78. d6 Re2+ 79. Be6 Rd2 80. d7 Kg6 81. d8=Q Rxd8 82. Kxd8 Kg5 83. Ke7 Kh4 84. Bc8 Kg3 85. Ke6 Kg2 86. Rf8 Kg3 87. Ke5 Kg2 88. Ke4 Kg3 89. Ke3 Kh4 90. Rg8 Kh5 91. Kf4 Kh6 92. Kf5 Kh7 93. Rg1 Kh6 94. Rg2 Kh7 95. Kf6 Kh8 96. Kf7 Kh7 97. Rh2# 1-0


[Site "https://www.chess.com"]

[Event "Titled Tuesday Blitz May 24 Early 2022"]
[White "Hakemi, Arman"]
[Black "Oparin, Grigoriy"]
[WhiteFideId "22520805"]
[BlackFideId "24125890"]
[WhiteElo "2115"]
[BlackElo "2665"]
[Result "0-1"]
[Round "08"]
[TimeControl "180+1"]
[Date "2022.05.24"]
[WhiteClock "0:00:05"]
[BlackClock "0:00:41"]

1. d4 g6 2. Nf3 Bg7 3. g3 c5 4. dxc5 Na6 5. Bg2 Nxc5 6. O-O Nf6 7. c4 O-O 8. Nc3 d6 9. Nd4 Bd7 10. b3 Rc8 11. Bb2 a6 12. Qd2 Qa5 13. Rfd1 Rfd8 14. Rac1 h5 15. h3 Kh7 16. e3 Qb6 17. Nde2 Bc6 18. Nf4 Bxg2 19. Kxg2 Qc6+ 20. f3 e6 21. h4 b6 22. Qe2 Kg8 23. Kg1 Qb7 24. Rd2 Qa8 25. Rcd1 Qb8 26. Kh2 Rd7 27. Kg1 Rcd8 28. Kh2 Nb7 29. Na4 Na5 30. Qd3 Nc6 31. Nxg6 fxg6 32. Qxg6 Rf7 33. g4 d5+ 34. Kh1 Ne5 35. Bxe5 Qxe5 36. g5 Qg3 37. Rg2 Qh3+ 38. Kg1 Nd7 39. Qxh5 Ne5 40. f4 Qxe3+ 41. Kh1 Rxf4 42. g6 Qh3+ 43. Rh2 Qf3+ 44. Qxf3 Nxf3 45. cxd5 Nxh2 46. Kxh2 Rxd5 47. Rxd5 exd5 48. Kg3 Rf6 49. h5 Bh6 50. Nxb6 Rxb6 51. Kg4 d4 0-1


[Site "https://www.chess.com"]

[Event "Titled Tuesday Blitz May 24 Early 2022"]
[White "Hambleton, Aman"]
[Black "Li, Zhuoling"]
[WhiteFideId "2606577"]
[BlackFideId "8605629"]
[WhiteElo "2552"]
[BlackElo "2362"]
[Result "1-0"]
[Round "08"]
[TimeControl "180+1"]
[Date "2022.05.25"]
[WhiteClock "0:00:07"]
[BlackClock "0:00:11"]

1. d4 Nf6 2. c4 g6 3. Nc3 d5 4. cxd5 Nxd5 5. Bd2 Nb6 6. Nf3 Bg7 7. Qc1 O-O 8. Bh6 Nd5 9. h4 Nxc3 10. bxc3 Bg4 11. h5 Qd5 12. hxg6 Bh5 13. gxh7+ Kh8 14. Bxg7+ Kxg7 15. Ne5 Nc6 16. Rxh5 Nxe5 17. h8=Q+ Rxh8 18. Qg5+ Ng6 19. Qxd5 Rxh5 20. Qxh5 Rh8 21. Qc5 c6 22. Qxa7 1-0


[Site "https://www.chess.com"]

[Event "Titled Tuesday Blitz May 24 Early 2022"]
[White "Hernandez Jimenez, Alexander Andres"]
[Black "Vusatiuk, Vladimir"]
[WhiteFideId "3900452"]
[BlackFideId "14118610"]
[WhiteElo "2098"]
[BlackElo "2157"]
[Result "0-1"]
[Round "08"]
[TimeControl "180+1"]
[Date "2022.05.25"]
[WhiteClock "0:00:55"]
[BlackClock "0:00:55"]

1. e4 c5 2. Nf3 d6 3. d4 cxd4 4. Nxd4 Nf6 5. Nc3 Nc6 6. Be2 e6 7. O-O Be7 8. Nb3 a6 9. a4 O-O 10. Be3 b6 11. f4 Bb7 12. g4 Na5 13. g5 Nxe4 14. Nxe4 Bxe4 15. Qd4 Bxc2 16. Nxa5 bxa5 17. Rfc1 Bf5 18. Rc6 f6 19. gxf6 Bxf6 20. Qxd6 Qxd6 21. Rxd6 Bxb2 22. Ra2 Rfb8 23. Rb6 Rxb6 24. Bxb6 Bc3 25. Ra3 Bb4 26. Re3 Rb8 27. Ba7 Rb7 28. Bd4 Rd7 29. Bb6 Rd6 30. Ba7 Bd2 31. Rb3 Bxf4 32. Bb8 Rd4 33. Bxf4 Rxf4 34. Bxa6 Rxa4 0-1


[Site "https://www.chess.com"]

[Event "Titled Tuesday Blitz May 24 Early 2022"]
[White "Hirneise, Jens"]
[Black "Sovetbekova, Nurai"]
[WhiteFideId "24614734"]
[BlackFideId "13801910"]
[WhiteElo "2359"]
[BlackElo "1660"]
[Result "1-0"]
[Round "08"]
[TimeControl "180+1"]
[Date "2022.05.25"]
[WhiteClock "0:01:40"]
[BlackClock "0:00:15"]

1. d4 Nf6 2. Nf3 g6 3. Nbd2 d5 4. e3 Bg7 5. c4 O-O 6. cxd5 Nxd5 7. Bc4 c5 8. dxc5 Nc6 9. O-O Na5 10. Be2 Qc7 11. Nb3 Nxb3 12. Qxb3 Qxc5 13. Bd2 Be6 14. Rac1 Qd6 15. Bc4 b5 16. Qxb5 Rab8 17. Qa5 Rxb2 18. Rfd1 Rc8 19. Bxd5 Rxc1 20. Bxc1 Rb1 21. e4 Bb2 22. Qe1 Bg4 23. Bxb2 Rxb2 24. Bxf7+ Kxf7 25. Rxd6 1-0


[Site "https://www.chess.com"]

[Event "Titled Tuesday Blitz May 24 Early 2022"]
[White "Horak, Martin"]
[Black "Silvestre, Christian"]
[WhiteFideId "367095"]
[BlackFideId "30956269"]
[WhiteElo "1997"]
[BlackElo "2285"]
[Result "1-0"]
[Round "08"]
[TimeControl "180+1"]
[Date "2022.05.25"]
[WhiteClock "0:00:56"]
[BlackClock "0:01:02"]

1. d4 Nf6 2. Bg5 c6 3. Bxf6 gxf6 4. c4 e6 5. Nc3 d6 6. e4 h5 7. h4 Qb6 8. Rb1 c5 9. d5 e5 10. Be2 Qb4 11. a3 Qa5 12. Bxh5 Nd7 13. Bg4 Nb6 14. Bxc8 Nxc8 15. Ne2 Nb6 16. Qd3 O-O-O 17. Ng3 Rg8 18. Kf1 Qa6 19. Nb5 Qa4 20. b3 Qa6 21. Nf5 Kb8 22. h5 Nc8 23. b4 Qb6 24. g3 Rd7 25. Kg2 a6 26. Nc3 Rc7 27. Rb2 Ne7 28. Na4 Qa7 29. Nxd6 Nxd5 30. Qxd5 1-0


[Site "https://www.chess.com"]

[Event "Titled Tuesday Blitz May 24 Early 2022"]
[White "Hua, Lefong"]
[Black "Derraugh, Geordie"]
[WhiteFideId "2602253"]
[BlackFideId "2603950"]
[WhiteElo "2624"]
[BlackElo "2116"]
[Result "1-0"]
[Round "08"]
[TimeControl "180+1"]
[Date "2022.05.25"]
[WhiteClock "0:01:11"]
[BlackClock "0:00:03"]

1. d4 Nf6 2. c4 e5 3. dxe5 Ng4 4. Bf4 Nc6 5. Nf3 Bb4+ 6. Nbd2 Qe7 7. e3 Ngxe5 8. Nxe5 Nxe5 9. Be2 Bxd2+ 10. Qxd2 d6 11. O-O b6 12. b4 O-O 13. Qc3 c5 14. a3 Bb7 15. Rfd1 Rad8 16. Rac1 Ng6 17. Bg3 f5 18. Bf1 f4 19. exf4 Nxf4 20. Re1 Qg5 21. Rcd1 h5 22. h4 Qg4 23. Rd2 Rf6 24. Qe3 Rdf8 25. Red1 Ng6 26. Rxd6 Nxh4 27. Rxf6 gxf6 28. Be2 Qg5 29. Qe7 Rf7 30. Rd8+ Kg7 31. Qe8 Ng6 32. Qg8+ 1-0


[Site "https://www.chess.com"]

[Event "Titled Tuesday Blitz May 24 Early 2022"]
[White "Ibrahimli, Murad"]
[Black "Karolczuk, Iwo"]
[WhiteFideId "13410229"]
[BlackFideId "21816972"]
[WhiteElo "2109"]
[BlackElo "2258"]
[Result "1-0"]
[Round "08"]
[TimeControl "180+1"]
[Date "2022.05.24"]
[WhiteClock "0:00:49"]
[BlackClock "0:00:02"]

1. e4 c5 2. Nf3 d6 3. d4 cxd4 4. Nxd4 Nf6 5. Nc3 a6 6. Be3 e5 7. Nb3 Be6 8. Qd2 Nbd7 9. f3 b5 10. O-O-O Be7 11. g4 O-O 12. g5 Nh5 13. Rg1 Nb6 14. Kb1 Nc4 15. Bxc4 bxc4 16. Nc1 Rb8 17. N1e2 Rb7 18. Ka1 Qd7 19. Nd5 Rfb8 20. Nxe7+ Qxe7 21. Rb1 Rd7 22. Nc3 Qd8 23. Rgd1 Qa5 24. Nd5 Qa4 25. b3 cxb3 26. cxb3 Qb5 27. Nc3 Qb7 28. Rbc1 a5 29. Na4 Qa6 30. Qd3 Qb7 31. Qc3 Rdd8 32. Qxa5 Nf4 33. Bxf4 exf4 34. Nc5 Qe7 35. Nxe6 Qxe6 36. Qd5 Qe7 37. Rc6 Qa7 38. Rxd6 Rf8 39. g6 hxg6 40. Rxg6 Rbd8 41. Rd6 Rxd6 42. Qxd6 Qe3 43. Qd3 Qf2 44. h3 Rc8 45. Kb1 Ra8 46. Rd2 Qe1+ 47. Kb2 Rc8 48. Rc2 Ra8 49. a4 Qg1 50. Qd5 Rb8 51. Qe5 Qb6 52. Qc3 g5 53. Rg2 f6 54. h4 Kf7 55. hxg5 fxg5 56. Rxg5 Qf2+ 57. Ka3 1-0


[Site "https://www.chess.com"]

[Event "Titled Tuesday Blitz May 24 Early 2022"]
[White "Iljin, Timofey"]
[Black "Legenia, Artem"]
[WhiteFideId "14110180"]
[BlackFideId "14136945"]
[WhiteElo "2404"]
[BlackElo "1936"]
[Result "0-1"]
[Round "08"]
[TimeControl "180+1"]
[Date "2022.05.25"]
[WhiteClock "0:00:01"]
[BlackClock "0:00:48"]

1. e4 g6 2. d4 Bg7 3. h4 h6 4. g4 d5 5. e5 h5 6. g5 Bg4 7. f3 Bf5 8. Bh3 Bxh3 9. Nxh3 e6 10. c4 dxc4 11. Qa4+ c6 12. Qxc4 Ne7 13. Nc3 Nf5 14. Ne4 O-O 15. f4 Na6 16. Nhf2 Qxd4 17. Qe2 Rad8 18. Bd2 Nb4 19. Bc3 Nd3+ 20. Kf1 Qe3 21. Rh3 Qxe2+ 22. Kxe2 Nxf4+ 23. Kf1 Nxh3 24. Nxh3 Nxh4 25. Ke2 Nf5 26. Nf4 Nd4+ 27. Ke3 Nc2+ 28. Ke2 Nxa1 29. Nd6 Rd7 30. Kd1 Rfd8 31. Kc1 Bxe5 32. Bxe5 Rxd6 33. b4 Rd1+ 34. Kb2 R8d2+ 35. Ka3 Nc2+ 36. Ka4 Ne3 37. a3 Nd5 38. Nxd5 Rxd5 39. Bb8 h4 40. Bxa7 h3 41. Bb8 Rd6 42. Ka5 h2 43. Bxd6 Rxd6 44. Kb6 h1=Q 45. Kxb7 Qf3 46. Kb6 Qxa3 47. b5 cxb5+ 48. Kc7 Qc5+ 49. Kb7 Rb6+ 50. Ka7 Qc7+ 51. Ka8 Ra6# 0-1


[Site "https://www.chess.com"]

[Event "Titled Tuesday Blitz May 24 Early 2022"]
[White "Janaszak, Dawid"]
[Black "Cardoso Cardoso, Jose Gabriel"]
[WhiteFideId "1119206"]
[BlackFideId "4430492"]
[WhiteElo "2199"]
[BlackElo "2485"]
[Result "0-1"]
[Round "08"]
[TimeControl "180+1"]
[Date "2022.05.25"]
[WhiteClock "0:00:12"]
[BlackClock "0:00:24"]

1. e4 c5 2. Nc3 Nc6 3. Bb5 Nd4 4. Nf3 Nxb5 5. Nxb5 d6 6. d4 a6 7. Nc3 cxd4 8. Qxd4 e5 9. Qb4 h6 10. Be3 Be6 11. O-O-O Qc7 12. Bb6 Qc6 13. Nd5 Rc8 14. Kb1 Ne7 15. c4 Qxc4 16. Qxc4 Rxc4 17. Nc7+ Rxc7 18. Bxc7 Nc8 19. Rc1 Kd7 20. Rhd1 f6 21. Bb8 Be7 22. Rc7+ Ke8 23. Rxb7 f5 24. Nd2 d5 25. f3 dxe4 26. fxe4 Bf6 27. Re1 Ne7 28. exf5 Bxf5+ 29. Ne4 Nc6 30. Kc1 Bg6 31. Nxf6+ gxf6 32. Rc7 Ne7 33. Ba7 Bf5 34. Bc5 Nd5 35. Rc6 Kf7 36. Rxa6 Rc8 37. Ra7+ Kg6 38. Kd2 Rxc5 39. Rc1 Rb5 40. b3 Nf4 41. g3 Rd5+ 42. Ke3 Ng2+ 43. Kf2 Rd2+ 44. Kf1 Ne3+ 45. Ke1 Rxh2 46. Rcc7 Bd3 47. Rg7+ Kf5 0-1


[Site "https://www.chess.com"]

[Event "Titled Tuesday Blitz May 24 Early 2022"]
[White "Jeet, Jain"]
[Black "Petrovskyi, Vadym"]
[WhiteFideId "5073022"]
[BlackFideId "14165210"]
[WhiteElo "2028"]
[BlackElo "2400"]
[Result "0-1"]
[Round "08"]
[TimeControl "180+1"]
[Date "2022.05.25"]
[WhiteClock "0:00:21"]
[BlackClock "0:01:52"]

1. d4 Nf6 2. Nf3 g6 3. b3 Bg7 4. Bb2 O-O 5. e3 d6 6. Be2 Nfd7 7. O-O Nc6 8. c4 e5 9. dxe5 dxe5 10. Nc3 f5 11. e4 Nd4 12. exf5 gxf5 13. Nd5 Nxf3+ 14. Bxf3 c6 15. Nc3 e4 16. Be2 f4 17. Re1 Qh4 18. Bf1 e3 19. fxe3 f3 20. gxf3 Ne5 21. Bg2 Bh3 22. Rf1 Qg5 23. Qe2 Qxg2+ 24. Qxg2 Bxg2 25. Kxg2 Nd3 26. Ba3 Bxc3 27. Bxf8 Bxa1 28. Rxa1 Kxf8 29. Rd1 Rd8 30. Kg3 Ke7 31. e4 Rg8+ 32. Kh3 Nf2+ 0-1


[Site "https://www.chess.com"]

[Event "Titled Tuesday Blitz May 24 Early 2022"]
[White "Kalogridis, Antonios"]
[Black "Djokic, Mihailo"]
[WhiteFideId "25833901"]
[BlackFideId "976440"]
[WhiteElo "1596"]
[BlackElo "2202"]
[Result "0-1"]
[Round "08"]
[TimeControl "180+1"]
[Date "2022.05.25"]
[WhiteClock "0:00:17"]
[BlackClock "0:01:06"]

1. Nc3 e5 2. d4 exd4 3. Qxd4 Nc6 4. Qd1 Nf6 5. g3 Bc5 6. Bg2 O-O 7. Nf3 Re8 8. O-O d5 9. Bg5 d4 10. Na4 Bb6 11. c3 dxc3 12. Qxd8 Nxd8 13. Nxc3 c6 14. e4 Ng4 15. h3 Ne5 16. Nxe5 Rxe5 17. Bf4 Re8 18. Rad1 Ne6 19. Bc1 a5 20. Kh2 a4 21. a3 Bc7 22. f4 Nc5 23. Be3 Nb3 24. e5 Be6 25. Rfe1 g6 26. Ne4 Kg7 27. g4 Red8 28. Nf6 g5 29. Nh5+ Kf8 30. Kh1 gxf4 31. Bxf4 Rxd1 32. Rxd1 Rd8 33. Bh6+ Kg8 34. Nf6+ Kh8 35. Re1 Nc5 36. Nh5 Nd3 37. Rb1 Bxe5 38. Be4 Nf2+ 39. Kg2 Nxe4 40. Re1 Bd5 41. Kf3 Bxb2 42. Kf4 Bxa3 43. Rxe4 Bxe4 44. Kxe4 Bb2 45. Kf5 Rd5+ 46. Kf4 Rxh5 47. gxh5 a3 48. Bg7+ Kxg7 49. Kg4 a2 50. Kh4 a1=Q 51. h6+ Kg6 52. Kg4 Qa4+ 53. Kg3 Qb3+ 54. Kh4 Qc4+ 55. Kg3 Qd3+ 56. Kh4 Qe4+ 57. Kg3 Be5+ 58. Kf2 Bd4+ 59. Kf1 Qf3+ 60. Ke1 Bc3# 0-1


[Site "https://www.chess.com"]

[Event "Titled Tuesday Blitz May 24 Early 2022"]
[White "Kamsky, Gata"]
[Black "Xiong, Jeffery"]
[WhiteFideId "2000024"]
[BlackFideId "2047640"]
[WhiteElo "2645"]
[BlackElo "2727"]
[Result "1-0"]
[Round "08"]
[TimeControl "180+1"]
[Date "2022.05.24"]
[WhiteClock "0:02:30"]
[BlackClock "0:02:27"]

1. d4 d5 2. Bf4 c5 3. e3 Nc6 4. c3 Bf5 5. Qb3 Qb6 6. dxc5 Qxc5 7. Qxb7 Rc8 8. Qb5 e5 9. Bxe5 Rb8 10. Qxc5 Bxc5 11. Bxg7 Rxb2 12. Nd2 1-0


[Site "https://www.chess.com"]

[Event "Titled Tuesday Blitz May 24 Early 2022"]
[White "Keller, Peter"]
[Black "Domingo Nunez, Ruben"]
[WhiteFideId "1272105"]
[BlackFideId "22245570"]
[WhiteElo "2275"]
[BlackElo "2376"]
[Result "0-1"]
[Round "08"]
[TimeControl "180+1"]
[Date "2022.05.25"]
[WhiteClock "0:00:03"]
[BlackClock "0:00:14"]

1. e4 e6 2. d4 c5 3. d5 exd5 4. exd5 d6 5. Nc3 Nf6 6. h3 Be7 7. Nf3 O-O 8. Bd3 Re8 9. O-O a6 10. a4 b6 11. Bf4 Bb7 12. Re1 Nbd7 13. Qd2 Qc7 14. b3 Bf8 15. Bc4 g6 16. Bh6 Rxe1+ 17. Rxe1 Re8 18. Bxf8 Nxf8 19. Rxe8 Nxe8 20. Qf4 Qe7 21. Ne4 f5 22. Nc3 Nd7 23. g4 Ng7 24. Kg2 Nf6 25. Ne2 Kh8 26. Ng3 Nxd5 27. Qh6 fxg4 28. hxg4 Nf6 29. Qh3 Bc8 30. Ng5 Bxg4 31. Qh4 h5 32. Nf7+ Kh7 33. Qg5 Ng8 0-1


[Site "https://www.chess.com"]

[Event "Titled Tuesday Blitz May 24 Early 2022"]
[White "Kholin, Aleksandr"]
[Black "Kosteniuk, Alexandra"]
[WhiteFideId "14179385"]
[BlackFideId "4128125"]
[WhiteElo "2477"]
[BlackElo "2469"]
[Result "0-1"]
[Round "08"]
[TimeControl "180+1"]
[Date "2022.05.25"]
[WhiteClock "0:00:01"]
[BlackClock "0:00:17"]

1. d4 Nf6 2. c4 e6 3. Nf3 d5 4. Nc3 dxc4 5. e3 a6 6. Bxc4 b5 7. Be2 Bb7 8. O-O Nbd7 9. b3 c5 10. Bb2 Qb6 11. Qb1 cxd4 12. Nxd4 e5 13. Nf3 Be7 14. Qf5 g6 15. Qh3 h5 16. Ng5 Nc5 17. Rfd1 O-O 18. Qg3 Bd6 19. b4 Ncd7 20. a3 Rae8 21. Qh4 Bb8 22. Bf3 Bxf3 23. Nxf3 Qe6 24. e4 Nb6 25. Ng5 Qg4 26. Qxg4 hxg4 27. Nd5 Nfxd5 28. exd5 Nc4 29. Bc3 Rd8 30. Ne4 f5 31. Nc5 Rd6 32. Ne6 Re8 33. a4 Nb6 34. Bxe5 Rxd5 35. Rxd5 Nxd5 36. Bxb8 Rxe6 37. axb5 axb5 38. h3 gxh3 39. gxh3 Nxb4 40. Rb1 Re4 41. Bd6 Nd3 42. Rxb5 Re2 43. Bg3 f4 44. Bh4 Ne5 45. Kg2 Kf7 46. Rb7+ Ke6 47. Rb6+ Kf5 48. Bf6 Nd3 49. Bd4 Ne1+ 50. Kf1 Re4 51. Rb5+ Ke6 52. Bc3 Nf3 53. Rb6+ Kf5 54. Rf6+ Kg5 55. Rf8 Rc4 56. Bf6+ Kf5 57. Bd4+ Ke4 0-1


[Site "https://www.chess.com"]

[Event "Titled Tuesday Blitz May 24 Early 2022"]
[White "Kowalysko, Roman"]
[Black "Sanchez, Robert"]
[WhiteFideId "30918510"]
[BlackFideId "2034360"]
[WhiteElo "2184"]
[BlackElo "2275"]
[Result "0-1"]
[Round "08"]
[TimeControl "180+1"]
[Date "2022.05.25"]
[WhiteClock "0:00:01"]
[BlackClock "0:00:48"]

1. e4 e6 2. d4 d5 3. Bd3 c5 4. exd5 Qxd5 5. Nc3 Qxd4 6. Nf3 Qd8 7. Bf4 a6 8. Qe2 Nf6 9. O-O-O Qa5 10. g4 Be7 11. g5 Nfd7 12. h4 Nc6 13. Rhe1 b5 14. Be4 Bb7 15. Bd6 b4 16. Nd5 Bxd6 17. Nf6+ Nxf6 18. gxf6 Bf4+ 19. Kb1 gxf6 20. Rd6 Bxd6 21. Nd2 O-O-O 22. Nc4 Qc7 23. Bxc6 Qxc6 24. Na5 Qb5 25. Qxb5 axb5 26. Nb3 Be7 27. Nc1 c4 28. b3 Rd2 29. Rh1 Bxh1 30. h5 Rg8 31. Kb2 c3+ 32. Kb1 Rd1 33. a3 Rxc1+ 34. Ka2 Rxc2+ 0-1


[Site "https://www.chess.com"]

[Event "Titled Tuesday Blitz May 24 Early 2022"]
[White "Kozak, Antoni"]
[Black "Bacrot, Etienne"]
[WhiteFideId "21832030"]
[BlackFideId "605506"]
[WhiteElo "2322"]
[BlackElo "2673"]
[Result "0-1"]
[Round "08"]
[TimeControl "180+1"]
[Date "2022.05.24"]
[WhiteClock "0:00:16"]
[BlackClock "0:00:39"]

1. Nf3 d5 2. e3 Nf6 3. c4 e6 4. b3 b6 5. Bb2 Bb7 6. g3 dxc4 7. bxc4 Nbd7 8. Bg2 e5 9. O-O e4 10. Nd4 Nc5 11. f3 Qd7 12. fxe4 Bxe4 13. Bxe4 Nfxe4 14. d3 Ng5 15. Nc3 O-O-O 16. a4 Be7 17. a5 Bf6 18. axb6 cxb6 19. Nd5 Rhe8 20. h4 Rxe3 21. hxg5 Rxg3+ 22. Kf2 Rxd3 23. gxf6 Rxd1 24. Rfxd1 gxf6 25. Nb5 Qf5+ 26. Ke3 Re8+ 27. Kd4 Qe5# 0-1


[Site "https://www.chess.com"]